 Dungeon Crawl Stone Soup version 0.23.1 (webtiles) character file.

Game seed: 15803446278787516565

1430 dengdeng the Cleaver (level 8, -1/70 HPs)
             Began as a Minotaur Berserker on Mar 9, 2019.
             Was a Priest of Trog.
             Slain by Menkaure (11 damage)
             ... on level 7 of the Dungeon.
             The game lasted 00:14:48 (5916 turns).

dengdeng the Cleaver (Minotaur Berserker)           Turns: 5916, Time: 00:14:49

Health: -1/70      AC: 15    Str: 24    XL:     8   Next: 45%
Magic:  7/7        EV: 10    Int:  4    God:    Trog [***...]
Gold:   435        SH:  0    Dex: 10    Spells: 7/7 levels left

rFire    + . .     SeeInvis .   B - +0 war axe
rCold    . . .     Gourm    .   (no shield)
rNeg     . . .     Faith    .   r - +1 chain mail {rF+}
rPois    .         Spirit   .   (helmet restricted)
rElec    .         Reflect  .   y - +0 cloak
rCorr    .         Harm     .   x - +1 pair of gloves
MR       .....                  (no boots)
Stlth    ..........             l - amulet of the acrobat
HPRegen  0.21/turn              (no ring)
MPRegen  0.10/turn              (no ring)

@: no status effects
A: retaliatory headbutt, horns 2
a: Berserk, Trog's Hand, Renounce Religion


You were on level 7 of the Dungeon.
You worshipped Trog.
Trog was most pleased with you.
You were not hungry.

You visited 1 branch of the dungeon, and saw 7 of its levels.

You collected 435 gold pieces.

Inventory:

Hand Weapons
 B - a +0 war axe (weapon)
Missiles
 e - 190 stones (quivered)
 h - 5 javelins
 s - 4 tomahawks
Armour
 r - a +1 chain mail of fire resistance (worn)
 x - a +1 pair of gloves (worn)
 y - a +0 cloak (worn)
Jewellery
 l - an amulet of the acrobat (around neck)
Wands
 g - a wand of enslavement (1)
 n - a wand of random effects (11)
 t - a wand of iceblast (12)
 D - a wand of polymorph (4)
Scrolls
 b - 3 scrolls of immolation {unknown}
 d - 5 scrolls of fog {unknown}
 f - a scroll of fear {unknown}
 j - 4 scrolls of amnesia {unknown}
 k - 3 scrolls of teleportation {unknown}
 m - 5 scrolls of identify {unknown}
 u - 6 scrolls of enchant weapon {unknown}
 v - a scroll of enchant armour {unknown}
 w - 3 scrolls of remove curse {unknown}
 C - a scroll of magic mapping {unknown}
Potions
 a - a potion of brilliance {unknown}
 i - 2 potions of degeneration {unknown}
 o - a potion of heal wounds {unknown}
 p - a potion of berserk rage {unknown}
 q - 4 potions of mutation {unknown}
 z - a potion of curing {unknown}
Comestibles
 c - 4 rations
 A - 3 chunks of flesh


   Skills:
 + Level 5.9 Fighting
 + Level 8.5 Axes
 * Level 8.3 Armour
 + Level 3.7 Dodging
 + Level 0.4 Stealth


You had 7 spell levels left.
You didn't know any spells.
Your spell library was empty.

Dungeon Overview and Level Annotations

Branches:
Dungeon (7/15)             Temple (0/1) D:4

Altars:
Cheibriados
Fedhas
The Shining One

Shops:
D:5 (

Annotations:
D:7 Menkaure


Innate Abilities, Weirdness & Mutations

You reflexively headbutt those who attack you in melee.
You have a pair of horns on your head.


Message History

Found a war axe.
You see here a hunting sling.
w - 3 scrolls labeled BOCEAKK MIBO (gained 1)
j - 4 scrolls labeled CEULOSEYZE (gained 1) Menkaure, Prince of Dust comes into view.
Menkaure shouts!
Menkaure calls on the powers of darkness!
Your body is wracked with pain!
Menkaure gestures wildly while chanting.
Menkaure seems to speed up.
Found a club.
Found a runed leatherbound book.
Menkaure calls on the powers of darkness!
Your body is wracked with pain!
* * * LOW HITPOINT WARNING * * *
You hit Menkaure but do no damage. Your headbutt misses Menkaure.
Menkaure hits you but does no damage. Menkaure hits you!
* * * LOW HITPOINT WARNING * * *
You barely miss Menkaure. Menkaure hits you!
You die...

### #.. #)#
#.# #.# ## #M#
....###@######
:............#
###.###.####.#
#.# .# #
#.###.####.#.#
#............#
#####.#....###
#......##
#.......#


You could see Menkaure.

Vanquished Creatures
  Sigmund (D:2)
  2 ogres (D:6)
  A necrophage (D:6)
  A centaur (D:6)
  2 big kobolds (D:5)
  A bullfrog (D:6)
  3 wights (D:6)
  A howler monkey (D:6)
  3 crimson imps (D:6)
  A hound (D:7)
  An orc priest (D:6)
  An orc wizard (D:6)
  A bullfrog skeleton (D:4)
  2 iguanas (D:6)
  4 worker ants
  12 adders
  A shadow imp (D:5)
  2 oozes
  A worm (D:2)
  5 leopard geckos
  5 orcs
  5 giant cockroaches
  8 hobgoblins
  2 jackals (D:7)
  2 quokkas
  A ball python (D:1)
  5 bats
  6 frilled lizards
  8 goblins
  20 kobolds
  2 leopard gecko skeletons
  12 rats
122 creatures vanquished.

Notes
Turn   | Place    | Note
-------+----------+-------------------------------------------
     0 | D:1      | dengdeng the Minotaur Berserker began the quest for the
                  | Orb.
     0 | D:1      | Reached XP level 1. HP: 19/19 MP: 0/0
   198 | D:1      | Reached XP level 2. HP: 27/27 MP: 1/1
   778 | D:2      | Reached ** piety under Trog
   783 | D:2      | Reached XP level 3. HP: 29/33 MP: 2/2
  1011 | D:2      | Noticed Sigmund
  1026 | D:2      | Killed Sigmund
  1026 | D:2      | Reached skill level 5 in Axes
  1026 | D:2      | Reached XP level 4. HP: 26/41 MP: 3/3
  1026 | D:2      | Reached XP level 5. HP: 30/47 MP: 4/4
  1040 | D:2      | Reached skill level 5 in Fighting
  1363 | D:2      | Found a faded altar of an unknown god.
  1985 | D:3      | Found a blossoming altar of Fedhas.
  2257 | D:3      | Reached XP level 6. HP: 56/56 MP: 5/5
  2385 | D:3      | Found a glowing golden altar of the Shining One.
  2434 | D:3      | Reached *** piety under Trog
  2622 | D:3      | Reached skill level 5 in Armour
  2815 | D:4      | Found a staircase to the Ecumenical Temple.
  3388 | D:5      | Entered Level 5 of the Dungeon
  3785 | D:5      | Found Usatah's Weapon Boutique.
  3950 | D:5      | Reached XP level 7. HP: 50/61 MP: 6/6
  5151 | D:6      | Reached XP level 8. HP: 39/70 MP: 7/7
  5881 | D:7      | Found a snail-covered altar of Cheibriados.
  5910 | D:7      | Noticed Menkaure
  5916 | D:7      | Slain by Menkaure

Skill      XL: |  1  2  3  4  5  6  7  8 |
---------------+-------------------------+-----
Fighting       | 4 5 |  5.9
Axes           | 4 5 6 8 |  8.5
Armour         | 4 6 7 8 |  8.3
Dodging        | 3 |  3.7
Stealth        | |  0.4

Action                   |  1- 3 |  4- 6 |  7- 9 || total
-------------------------+-------+-------+-------++-------
Melee: Hand axe          |    76 |   138 |    41 ||   255
       Headbutt          |    10 |    20 |    30 ||    60
       War axe           |       |       |    61 ||    61
Throw: Stone             |     3 |       |       ||     3
Invok: Berserk           |       |       |     2 ||     2
  Eat: Chunk             |       |     6 |     5 ||    11
       Ration            |       |     1 |     1 ||     2
Armor: Ring mail         |    19 |     8 |       ||    27
       Animal skin       |     2 |       |       ||     2
       Chain mail        |       |    46 |    66 ||   112
Dodge: Dodged            |    36 |    95 |    50 ||   181
